 Dungeon Crawl Stone Soup version 0.24.0-123-gd5b16e6ec5 (webtiles) character file.

Game seed: 3684024829086099946, levelgen mode: deterministic

23 Leggsy7533 the Firebug (level 3, -4/26 HPs)
             Began as a Hill Orc Fire Elementalist on Jan 17, 2020.
             Killed from afar by a leopard gecko (30 damage)
             ... with an exploding inner flame
             ... hexed by the player character
             ... on level 2 of the Dungeon.
             The game lasted 00:06:35 (1030 turns).

Leggsy7533 the Firebug (Hill Orc Fire Elementalist) Turns: 1030, Time: 00:06:35

Health: -4/26      AC:  2    Str: 10    XL:     3   Next: 0%
Magic:  0/5        EV: 12    Int: 16    God:
Gold:   68         SH:  0    Dex: 11    Spells: 1/5 levels left

rFire    . . .     SeeInvis .   i - +0 hunting sling
rCold    . . .     Gourm    .   (no shield)
rNeg     . . .     Faith    .   a - +0 robe
rPois    .         Spirit   .   (no helmet)
rElec    .         Reflect  .   (no cloak)
rCorr    .         Harm     .   (no gloves)
MR       .....                  (no boots)
Stlth    ++........             (no amulet)
HPRegen  0.08/turn              (no ring)
MPRegen  0.09/turn              (no ring)

@: no status effects
A: no striking features
a: no special abilities


You were on level 2 of the Dungeon.
You were hungry.

You visited 1 branch of the dungeon, and saw 2 of its levels.

You collected 68 gold pieces.

Inventory:

Hand Weapons
 d - a +0 mace
 f - a +0 club
 i - a +0 hunting sling (weapon)
 k - a +0 short sword
Missiles
 b - 25 bolts
 j - 69 stones (quivered)
 l - 17 arrows
Armour
 a - a +0 robe (worn)
Scrolls
 e - a scroll of identify {unknown}
 m - a scroll of random uselessness {unknown}
Potions
 h - a potion of haste {unknown}
Comestibles
 c - a ration


   Skills:
 + Level 1.6 Dodging
 + Level 1.8 Stealth
 + Level 1.8 Spellcasting
 + Level 1.0 Conjurations
 + Level 4.0 Fire Magic


You had one spell level left.
You knew the following spells:

 Your Spells              Type           Power        Failure   Level  Hunger
a - Flame Tongue          Conj/Fire      #....        8%          1    ##.....
b - Inner Flame           Hex/Fire       #.......     28%         3    ####...

Your spell library contained the following spells:

 Spells                   Type           Power        Failure   Level  Hunger
 Throw Flame              Conj/Fire      #.....       11%         2    ###....
 Conjure Flame            Conj/Fire      #.......     22%         3    ####...
 Sticky Flame             Conj/Fire      #.......     58%         4    #####..
 Fireball                 Conj/Fire      #.........   90%         5    ######.


Dungeon Overview and Level Annotations

Branches:
Dungeon (2/15)

Altars:


Message History

Confirm with . or Enter, or press ? or * to list all spells.
Aiming: Inner Flame (safe; 28% risk of failure)
Press: ? - help, Shift-Dir - straight line, f/p - leopard gecko
Aim: a leopard gecko (heavily wounded, clinging, chance to defeat MR: 68%)
The leopard gecko is filled with an inner flame.
The leopard gecko bites you but does no damage.
Casting: Inner Flame (safe; 28% risk of failure)
Confirm with . or Enter, or press ? or * to list all spells.
You don't have enough magic to cast that spell.
Unknown command.
Casting: Inner Flame (safe; 28% risk of failure)
Confirm with . or Enter, or press ? or * to list all spells.
Aiming: Flame Tongue (safe; 8% risk of failure)
Press: ? - help, Shift-Dir - straight line, f/p - leopard gecko
Aim: a leopard gecko (heavily wounded, clinging, inner flame)
The flame tongue hits the leopard gecko!
The leopard gecko explodes!
The fiery explosion engulfs you!!
Ouch! That really hurt!
You die...

.. #.# ##.#
...# #..# #..#
#######§.#
(.(..§§@.#
########.######
#......#
######.# ####.#
#....#
####.####
#..†....#
#####.##.##.#


There were no monsters in sight!

Vanquished Creatures
  2 giant cockroaches (D:1)
  2 goblins (D:1)
  7 hobgoblins
  3 kobolds (D:1)
  2 bats (D:1)
  2 frilled lizards (D:1)
  2 rats (D:1)
20 creatures vanquished.

Notes
Turn   | Place    | Note
-------+----------+-------------------------------------------
     0 | D:1      | Leggsy7533 the Hill Orc Fire Elementalist began the quest
                  | for the Orb.
     0 | D:1      | Reached XP level 1. HP: 14/14 MP: 3/3
   220 | D:1      | Reached XP level 2. HP: 20/20 MP: 2/4
   748 | D:1      | Reached skill level 4 in Fire Magic
   999 | D:2      | Reached XP level 3. HP: 26/26 MP: 3/5
  1004 | D:2      | Learned a level 3 spell: Inner Flame
  1030 | D:2      | Killed from afar by a leopard gecko

Levels and vault maps discovered:
D:1:      ncdulo_smallfort, layout_loops_corners
D:2:      layout_basic, led_sif_pool, first_ration, tso_metal_star

Skill      XL: |  1  2 |
---------------+-------+-----
Fire Magic     | 4 |  4.0
Dodging        | |  1.6
Stealth        | |  1.8
Spellcasting   | |  1.8
Conjurations   | |  1.0

Action                   || total
-------------------------++-------
Melee: Unarmed           ||     8
 Fire: Hunting sling     ||     8
 Cast: Flame Tongue      ||    27
       Inner Flame       ||     1
Armor: Robe              ||     1
Dodge: Dodged            ||    14
